 Dungeon Crawl Stone Soup version 0.27-a0-1290-g15d3ce7508 (webtiles) character file.

Game seed: 8085567633590747015

7702 Johnny the Thaumaturge (level 11, -2/72 HPs)
             Began as a Deep Elf Earth Elementalist on June 15, 2021.
             Was a Believer of Dithmenos.
             Killed from afar by a gargoyle (24 damage)
             ... with a stone arrow
             ... on level 11 of the Dungeon.
             The game lasted 00:11:57 (18560 turns).

Johnny the Thaumaturge (DEEE)                      Turns: 18560, Time: 00:11:57

Health: -2/72      AC:  5    Str:  5    XL:     11   Next: 0%
Magic:  3/28       EV: 12    Int: 24    God:    Dithmenos [**....]
Gold:   358        SH:  0    Dex: 15    Spells: 19/32 levels left

rFire    + . .     SeeInvis .   w - +1 spear (venom)
rCold    + . .     Faith    .   (no shield)
rNeg     . . .     Spirit   .   N - +2 robe {rC+ rF+}
rPois    .         Reflect  .   (no helmet)
rElec    .         Harm     .   (no cloak)
rCorr    .         Rampage  .   k - +0 pair of gloves
Will     +....                  (no boots)
Stlth    +++.......             H - amulet of regeneration
HPRegen  1.22/turn              C - ring of wizardry
MPRegen  0.21/turn              (no ring)

@: wreathed by umbra
A: no striking features
a: Renounce Religion, Shadow Step


You were on level 11 of the Dungeon.
You worshipped Dithmenos.
Dithmenos was pleased with you.
You visited 2 branches of the dungeon, and saw 12 of its levels.
You also visited: Bailey.

You collected 480 gold pieces.
You spent 122 gold pieces at shops.

Inventory:

Hand Weapons
 a - a +0 dagger
 t - a +0 vorpal spear
 w - a +1 spear of venom (weapon)
Missiles
 m - 100 stones
 A - 2 curare-tipped darts
 I - a throwing net
Armour
 c - a +0 robe
 k - a +0 pair of gloves (worn)
 D - the +8 chain mail of Paranoia {Dex+3}
   (You found it on level 6 of the Dungeon)

   It affects your dexterity (+3).
 N - a +2 robe of resistance (worn)
Jewellery
 s - a ring of ice
 C - a ring of wizardry (left hand)
 E - a ring of flight
 H - an amulet of regeneration (around neck)
Wands
 n - a wand of paralysis (12)
 y - a wand of polymorph (11)
 z - a wand of digging (7)
 K - a wand of iceblast (5)
 L - a wand of flame (21)
 P - a wand of charming (5)
Scrolls
 b - a scroll of blinking {unknown}
 d - 2 scrolls of teleportation
 f - 3 scrolls of torment {unknown}
 g - 3 scrolls of silence {unknown}
 h - a scroll of vulnerability {unknown}
 j - 2 scrolls of fog {unknown}
 l - 2 scrolls of identify {unknown}
 x - 3 scrolls of enchant weapon {unknown}
 G - 2 scrolls of amnesia {unknown}
 O - a scroll of noise {unknown}
Potions
 e - 4 potions of heal wounds {unknown}
 i - 3 potions of degeneration {unknown}
 o - 2 potions of mutation {unknown}
 p - a potion of experience {unknown}
 q - a potion of magic {unknown}
 r - 7 potions of curing {unknown}
 u - a potion of haste
 v - a potion of flight {unknown}
 B - a potion of berserk rage {unknown}
 F - a potion of brilliance {unknown}
 J - a potion of cancellation {unknown}
 M - 2 potions of attraction {unknown}


   Skills:
 * Level 10.1 Fighting
 - Level 2.4 Dodging
 - Level 2.4 Stealth
 + Level 11.2 Spellcasting
 - Level 1.1 Transmutations
 + Level 9.9 Earth Magic


You had 19 spell levels left.
You knew the following spells:

 Your Spells              Type           Power      Damage    Failure   Level
a - Sandblast             Erth           100%       2d20      1%          1
b - Stone Arrow           Conj/Erth      74%        3d11      1%          3
c - Lee's Rapid Deconstr  Erth           28%        3d16*     1%          5
d - Petrify               Tmut/Erth      40%        N/A       1%          4

Your spell library contained the following spells:

 Spells                   Type           Power      Damage    Failure   Level
 Apportation              Tloc           26%        N/A       1%          1
 Passwall                 Tmut/Erth      33%        N/A       1%          2
 Confusing Touch          Hex            13%        N/A       6%          3
 Gell's Gravitas          Tloc           6%         N/A       6%          3
 Lesser Beckoning         Tloc           6%         N/A       6%          3
 Tukima's Dance           Hex            13%        N/A       6%          3
 Statue Form              Tmut/Erth      26%        N/A       28%         6
 Blade Hands              Tmut           9%         N/A       32%         5
 Alistair's Intoxication  Tmut/Pois      10%        N/A       38%         5
 Irradiate                Conj/Tmut      8%         3d16      38%         5
 Yara's Violent Unravell  Hex/Tmut       8%         3d5       38%         5
 Metabolic Englaciation   Hex/Ice        6%         N/A       45%         5
 Invisibility             Hex            6%         N/A       94%         6
 Dragon Form              Tmut           9%         N/A       100%        7
 Storm Form               Tmut/Air       8%         N/A       100%        7


Dungeon Overview and Level Annotations

Branches:
Dungeon (11/15)            Temple (1/1) D:7          Bailey (visited)
   Lair: D:8-11         Orc: D:9-12

Altars:
Ashenzari
Cheibriados
Dithmenos
Elyvilon
Fedhas
Gozag
Hepliaklqana
Kikubaaqudgha
Makhleb
Nemelex Xobeh
Okawaru
Qazlal
Ru
Sif Muna
Trog
Uskayaw
Vehumet
Wu Jian
Xom
Yredelemnul
Zin
The Shining One

Shops:
D:1 *   D:6 :   D:7 [


Message History

Confirm with . or Enter, or press ? or * to list all spells.
Aiming: Stone Arrow (safe; 1% risk of failure)
Press: ? - help, Shift-Dir - straight line, f/p - centaur warrior zombie
Aim: a centaur warrior zombie (almost destroyed, umbra, 98% to hit)
The stone arrow hits the centaur warrior zombie!
You destroy the centaur warrior zombie!
Dithmenos accepts your kill. The warg bites you.
Casting: Stone Arrow (safe; 1% risk of failure)
Confirm with . or Enter, or press ? or * to list all spells.
Aiming: Sandblast (safe; 1% risk of failure)
Press: ? - help, Shift-Dir - straight line, f - warg
Aim: a warg (umbra, 80% to hit)
The blast of sand hits the warg!!
The warg is almost dead.
The warg bites you!
Casting: Sandblast (safe; 1% risk of failure)
Confirm with . or Enter, or press ? or * to list all spells.
Aiming: Sandblast (safe; 1% risk of failure)
Press: ? - help, Shift-Dir - straight line, f/p - warg
Aim: a warg (almost dead, umbra, 80% to hit)
The blast of sand hits the warg!
You kill the warg!
Dithmenos accepts your kill.
The gargoyle hurls a stone arrow at you.
The stone arrow misses you.
You have reached level 11!
Aiming: Paralyse
Press: ? - help, Shift-Dir - straight line, f - gargoyle
Aim: a gargoyle, wielding a +0 flail (chance to affect: 28%)
The gargoyle easily resists.
A wraith comes into view.
The gargoyle hurls a stone arrow at you.
The stone arrow hits you!!
The gargoyle hurls a stone arrow at you.
The stone arrow hits you!!
* * * LOW HITPOINT WARNING * * *
The gargoyle hurls a stone arrow at you.
The stone arrow hits you!!
You die...

######### ##
#.........
..##........#
...#.......<#
............#
.....?......#
...........@###
..............##.#
........9..W.....#
.............#.....
.....#........[#.#.
.... #.......$.# ..
##. #..††.....# . #
#....(.......
..............


You could see a wraith and a gargoyle.

Vanquished Creatures
  A two-headed ogre (D:8)
  An orc knight (Bailey)
  Joseph (D:9)
  A shadow (D:11)
  A wraith (D:5)
  Eustachio (D:6)
  A steam dragon (D:8)
  Grum (D:8)
  A warg (D:11)
  2 water moccasins
  3 ice beasts (D:7)
  2 sky beasts
  11 orc warriors
  A necrophage (D:4)
  An ogre (D:7)
  2 wolves (D:8)
  4 centaurs
  2 kobold brigands
  A bullfrog (D:7)
  3 scorpions
  A gnoll sergeant (D:10)
  A wyvern skeleton (D:7)
  2 water moccasin skeletons
  3 wights (D:7)
  18 killer bees
  A vampire bat (D:6)
  4 howler monkeys
  3 centaur zombies
  3 hounds
  An orc priest (D:7)
  A centaur skeleton (D:7)
  2 iguanas (D:5)
  5 orc wizards
  A killer bee zombie (D:6)
  2 hound skeletons (D:4)
  Robin (D:3)
  A howler monkey zombie (D:8)
  14 gnolls
  9 adders
  2 river rats (D:6)
  2 shadow imps
  2 white imps
  An ufetubus (D:4)
  An adder skeleton (D:4)
  A worm (D:3)
  2 dart slugs
  26 orcs
  7 ball pythons
  16 bats
  8 endoplasms
  5 giant cockroaches
  17 goblins
  16 hobgoblins
  6 jackals
  14 kobolds
  4 quokkas
  2 frilled lizards
  9 rats
255 creatures vanquished.

Vanquished Creatures (others)
  9 plants (D:5)
  2 withered plants (D:3)
11 creatures vanquished.

Grand Total: 266 creatures vanquished

Notes
Turn   | Place    | Note
-------+----------+-------------------------------------------
     0 | D:1      | Johnny the Deep Elf Earth Elementalist began the quest for
                  | the Orb.
     0 | D:1      | Reached XP level 1. HP: 10/10 MP: 6/6
   397 | D:1      | Reached XP level 2. HP: 12/16 MP: 6/8
   735 | D:1      | Reached skill level 1 in Fighting
  1055 | D:1      | Found Qupiul's Assorted Antiques.
  1312 | D:1      | Reached XP level 3. HP: 8/20 MP: 0/10
  2106 | D:2      | Found a faded altar of an unknown god.
  2562 | D:2      | Found a hazy altar of Hepliaklqana.
  2842 | D:2      | Learned a level 3 spell: Stone Arrow
  3706 | D:3      | Reached XP level 4. HP: 26/26 MP: 4/11
  3798 | D:3      | Found a burning altar of Makhleb.
  3871 | D:3      | Reached skill level 4 in Spellcasting
  3926 | D:3      | Found a basalt altar of Yredelemnul.
  5052 | D:4      | Found a sacrificial altar of Ru.
  5217 | D:4      | Noticed a necrophage
  5224 | D:4      | Killed a necrophage
  5225 | D:4      | Reached XP level 5. HP: 9/32 MP: 1/14
  5965 | D:4      | Reached skill level 5 in Spellcasting
  5965 | D:4      | Reached XP level 6. HP: 14/37 MP: 5/15
  6895 | D:3      | Noticed Robin
  6906 | D:3      | Killed Robin
  7993 | D:5      | Entered Level 5 of the Dungeon
  8072 | D:5      | Reached skill level 5 in Earth Magic
  8164 | D:5      | Found a radiant altar of Vehumet.
  8264 | D:5      | Reached XP level 7. HP: 33/43 MP: 7/17
  8673 | D:5      | Noticed a wraith
  8679 | D:5      | Killed a wraith
  8680 | D:5      | Reached skill level 6 in Spellcasting
  8902 | D:5      | Reached skill level 5 in Fighting
  9644 | D:6      | Found Wawit's Book Shoppe.
  9687 | D:6      | Reached XP level 8. HP: 35/49 MP: 5/20
 10176 | D:6      | Reached skill level 7 in Spellcasting
 10577 | D:6      | Found a shimmering altar of Xom.
 10702 | D:6      | Noticed Eustachio
 10703 | D:6      | Identified the +8 chain mail of Paranoia {Dex+3}
 10753 | D:6      | Killed Eustachio
 11322 | D:7      | Found an opulent altar of Gozag.
 11343 | D:7      | Reached skill level 8 in Spellcasting
 11585 | D:7      | Reached XP level 9. HP: 33/54 MP: 5/23
 12382 | D:7      | Found Badeeg's Antique Armour Shop.
 12571 | D:7      | Found a staircase to the Ecumenical Temple.
 12579 | Temple   | Entered the Ecumenical Temple
 12821 | Temple   | Became a worshipper of Dithmenos the Shadowed
 13268 | D:8      | Found a flagged portal.
 13271 | D:8      | Noticed a two-headed ogre
 13276 | D:8      | Killed a two-headed ogre
 13277 | D:8      | Reached skill level 9 in Spellcasting
 13281 | Bailey   | Entered a bailey
 13336 | Bailey   | Learned a level 5 spell: Lee's Rapid Deconstruction
 13341 | Bailey   | Learned a level 4 spell: Petrify
 14012 | Bailey   | Noticed an orc knight
 14017 | Bailey   | Reached XP level 10. HP: 65/65 MP: 14/25
 14023 | Bailey   | Killed an orc knight
 14024 | Bailey   | Reached skill level 10 in Spellcasting
 14425 | D:8      | Found a stormy altar of Qazlal.
 14662 | D:8      | Noticed Grum
 14667 | D:8      | Killed Grum
 15160 | D:8      | Reached * piety under Dithmenos
 15942 | D:8      | Found a shimmering blue altar of Sif Muna.
 16084 | D:9      | Noticed Joseph
 16176 | D:9      | Found a snail-covered altar of Cheibriados.
 16264 | D:9      | Killed Joseph
 17084 | D:1      | Bought a glowing robe for 122 gold pieces
 17309 | D:10     | Entered Level 10 of the Dungeon
 17893 | D:10     | Reached ** piety under Dithmenos
 18107 | D:10     | Found an iron altar of Okawaru.
 18281 | D:10     | Reached skill level 11 in Spellcasting
 18497 | D:11     | Reached skill level 10 in Fighting
 18551 | D:11     | Noticed a gargoyle
 18555 | D:11     | Reached XP level 11. HP: 60/72 MP: 2/28
 18560 | D:11     | Killed from afar by a gargoyle

Illustrated notes

Levels and vault maps discovered:
D:1:      dpeg_arrival_round_b, layout_basic, serial_shops,
          nicolae_shop_overgrown_old_shop, minmay_surrounded
D:2:      layout_loops_ring, hellmonk_ecumenical_altar_crossroads, basic_altar
D:3:      layout_basic, yredelemnul_altar_generic, general_overflow_altar,
          grunt_ministairs_1, minmay_checkerbox, uniq_robin
D:4:      layout_basic, overflow_temple_1_default
D:5:      layout_basic, lemuel_doored_altar, serial_bayou_lagoon_b
D:6:      layout_cave_pools, lemuel_crystal_altar, gup_sewer_entry_bubbles,
          serial_shops, shop, roderic_batcave, hangedman_decor_points,
          uniq_eustachio
D:7:      layout_cave_pods, nicolae_gozag_seed_capital,
          minmay_temple_entry_proselytizer, serial_shops, kennysheep_mini_moat,
          grunt_ogre_cave
D:8:      layout_basic, nicolae_qazlal_scattered_showers, lemuel_blue_sif_altar,
          enter_bailey_6, uniq_grum
D:9:      layout_cave_pods, lemuel_round_altar, uniq_joseph
D:10:     layout_loops_ring, okawaru_altar_gauntlet_db, serial_rivers,
          chequers_serial_rivers_small_b, chequers_serial_rivers_micro_b,
          chequers_serial_rivers_micro_d, chequers_serial_rivers_micro_b
D:11:     layout_rooms, erik_lair_orcish_takeover
Temple:   minmay_temple_bridge_abc

Skill      XL: |  1  2  3  4  5  6  7  8  9 10 |
---------------+-------------------------------+-----
Fighting       | 1 2 3 4 5 6 8 10 | 10.1
Spellcasting   | 4 5 6 8 9 11 | 11.2
Earth Magic    | 4 5 6 7 8 9 |  9.9
Dodging        | |  2.4
Stealth        | |  2.4
Transmutations | |  1.1

Action                   |  1- 3 |  4- 6 |  7- 9 | 10-12 || total
-------------------------+-------+-------+-------+-------++-------
Melee: Dagger            |   207 |   161 |       |       ||   368
       Spear             |       |    25 |    85 |    62 ||   172
 Cast: Sandblast         |    30 |    27 |    20 |    57 ||   134
       Stone Arrow       |     1 |    37 |    96 |    44 ||   178
       Lee's Rapid Decon |       |       |     6 |     9 ||    15
       Petrify           |       |       |       |     2 ||     2
Evoke: Wand              |       |     1 |     8 |    10 ||    19
  Use: Scroll            |       |       |       |     2 ||     2
 Stab: Sleeping          |     4 |     4 |     5 |     2 ||    15
       Petrified         |       |       |       |     8 ||     8
Armor: Robe              |    63 |    52 |    36 |    20 ||   171
Dodge: Dodged            |   145 |   144 |    83 |    99 ||   471

Table legend: (Time is in decaauts)
 A = Elapsed time spent in this place.
 B = Non-inter-level travel time spent in this place.
 C = Inter-level travel time spent in this place.
 D = Time resting spent in this place.
 E = Time spent auto-exploring this place.
 F = Levels seen in this place.
 G = Mean time per level.
                   A        B        C        D        E       F      G
               +--------+--------+--------+--------+--------+-----+--------+
         Total |  18660 |  17905 |    755 |   3670 |  12219 |  13 | 1435.4 |
       Dungeon |  17381 |  16657 |    724 |   2851 |  11942 |  11 | 1580.1 |
        Temple |    268 |    237 |     31 |      0 |    232 |   1 |  268.0 |
        Bailey |   1010 |   1010 |      0 |    819 |     45 |   1 | 1010.0 |
               +--------+--------+--------+--------+--------+-----+--------+

Top non-repeatable levels by time:
     D:4: 2355 daAuts
     D:1: 2151 daAuts
     D:7: 2123 daAuts
     D:3: 2084 daAuts
     D:8: 1798 daAuts
     D:5: 1709 daAuts
     D:2: 1643 daAuts
     D:6: 1341 daAuts
    D:10: 1186 daAuts
  Bailey: 1010 daAuts
     D:9: 913 daAuts
  Temple: 268 daAuts
    D:11: 72 daAuts
